[Event "EYCC Open-U18 2019"]
[Site "Bratislava"]
[Date "2019.08.06"]
[Round "5.3"]
[White "Pantzar, Milton"]
[Black "Baenziger, Fabian"]
[Result "1-0"]
[ECO "D27"]
[WhiteElo "2357"]
[BlackElo "2352"]
[Annotator "NA"]
[PlyCount "79"]
[EventDate "2019.08.02"]
[EventType "swiss"]
[EventCountry "SVK"]
[SourceTitle "playchess.com"]
[Source "ChessBase"]
[SourceQuality "1"]
[TimeControl "40/5400+30:1800+30"]

1. d4 d5 2. c4 dxc4 3. Nf3 Nf6 4. e3 e6 5. Bxc4 c5 6. O-O a6 7. b3 b5 8. Be2 Bb7 9. Bb2 Nbd7 10. a4 b4 11. Nbd2 Be7 12. Nc4 O-O 13. Nfe5 cxd4 14. Nxd7 Nxd7 15. Bxd4 Rc8 16. a5 Bc5 17. Bb2 Nf6 18. Qxd8 Rcxd8 19. Rfd1 Ne4 20. Bf3 Bd5 21. Rac1 Bxc4 22. Rxd8 Rxd8 23. Rxc4 f5 24. h3 Rd2 25. Bc1 Rd3 26. Bxe4 Rd1+ 27. Kh2 Bd6+ 28. f4 fxe4 29. Bb2 Rd2 30. Bd4 Kf7 31. Kg1 h5 32. g3 Rd3 33. Rc6 Bf8 34. Rxa6 Rxb3 35. Rb6 Ra3 36. a6 g5 37. Rb7+ Kg6 38. a7 b3 39. Rb8 b2 40. Bxb2 1-0

[Event "EYCC Open-U18 2019"]
[Site "Bratislava"]
[Date "2019.08.06"]
[Round "5.4"]
[White "Travadon, Loic"]
[Black "Van Foreest, Lucas"]
[Result "1/2-1/2"]
[ECO "E92"]
[WhiteElo "2403"]
[BlackElo "2521"]
[Annotator "ChessBase"]
[PlyCount "49"]
[EventDate "2019.08.02"]
[EventType "swiss"]
[EventCountry "SVK"]
[SourceTitle "playchess.com"]
[Source "ChessBase"]
[SourceQuality "1"]
[TimeControl "40/5400+30:1800+30"]

1. Nf3 Nf6 2. c4 g6 3. Nc3 Bg7 4. d4 O-O 5. e4 d6 6. Be2 e5 7. d5 Na6 8. Nd2 Bh6 9. h4 Nc5 10. h5 gxh5 11. b4 Bxd2+ 12. Qxd2 Ncxe4 13. Nxe4 Nxe4 14. Qh6 f5 15. Rxh5 Qe7 16. Bd3 Rf6 17. Qe3 Rg6 18. Bxe4 fxe4 19. Rg5 Qxg5 20. Qxg5 Rxg5 21. Bxg5 Bd7 22. Kd2 a5 23. b5 b6 24. Rh1 Bf5 25. Be3 1/2-1/2

[Event "EYCC Open-U18 2019"]
[Site "Bratislava"]
[Date "2019.08.06"]
[Round "5.5"]
[White "Nguyen, Thai Dai Van"]
[Black "Bronstein, Or"]
[Result "1/2-1/2"]
[ECO "B90"]
[WhiteElo "2535"]
[BlackElo "2378"]
[Annotator "ChessBase"]
[PlyCount "65"]
[EventDate "2019.08.02"]
[EventType "swiss"]
[EventCountry "SVK"]
[SourceTitle "playchess.com"]
[Source "ChessBase"]
[SourceQuality "1"]
[TimeControl "40/5400+30:1800+30"]

1. e4 c5 2. Nf3 d6 3. d4 cxd4 4. Nxd4 Nf6 5. Nc3 a6 6. Bd3 e5 7. Nde2 Be7 8. O-O Be6 9. f4 exf4 10. Nxf4 Nc6 11. Be3 Ne5 12. a4 O-O 13. a5 Re8 14. Bd4 Rc8 15. Kh1 Nfd7 16. Ncd5 Bg5 17. c3 Nc5 18. Bc2 Bg4 19. Qe1 Bh4 20. Qc1 Bg5 21. Qe1 Bh4 22. Qc1 Bg5 23. Qb1 Nc4 24. Rf2 Ne6 25. Nxe6 Bxe6 26. b3 Ne5 27. b4 Ng4 28. Rf3 Bxd5 29. exd5 g6 30. Qf1 Ne3 31. Qd3 Nxc2 32. Qxc2 f5 33. Qd3 1/2-1/2

[Event "EYCC Open-U18 2019"]
[Site "Bratislava"]
[Date "2019.08.06"]
[Round "5.6"]
[White "Engel, Luis"]
[Black "Fus, Jakub"]
[Result "1-0"]
[ECO "C77"]
[WhiteElo "2509"]
[BlackElo "2341"]
[Annotator "ChessBase"]
[PlyCount "117"]
[EventDate "2019.08.02"]
[EventType "swiss"]
[EventCountry "SVK"]
[SourceTitle "playchess.com"]
[Source "ChessBase"]
[SourceQuality "1"]
[TimeControl "40/5400+30:1800+30"]

1. e4 e5 2. Nf3 Nc6 3. Bb5 a6 4. Ba4 Nf6 5. d3 b5 6. Bb3 Be7 7. a4 b4 8. Nbd2 O-O 9. Nc4 d6 10. h3 Re8 11. O-O h6 12. Re1 Bf8 13. a5 Rb8 14. Bd2 Nd4 15. Nxd4 exd4 16. e5 Nd7 17. exd6 cxd6 18. Rxe8 Qxe8 19. Qe1 Qd8 20. Qe4 Nc5 21. Qxd4 Nxb3 22. cxb3 Rb5 23. Ne3 Be6 24. Bxb4 Bxb3 25. Bc3 Be6 26. Re1 Qd7 27. f4 Qc6 28. Rf1 Bc8 29. f5 Bb7 30. Rf3 f6 31. Rg3 Qc5 32. Qg4 Bc8 33. d4 Qa7 34. d5 Qf7 35. Qh4 Kh7 36. Kh2 Rb7 37. Qf4 Re7 38. Ng4 h5 39. Ne3 Qe8 40. Qf2 Qa4 41. Rf3 Re4 42. g4 Qe8 43. Qg3 hxg4 44. hxg4 Kg8 45. Kg1 Qf7 46. g5 fxg5 47. Qxg5 Bd7 48. Kf2 Be8 49. Ng4 Rxg4 50. Qxg4 Qxd5 51. f6 g6 52. Rh3 Qc5+ 53. Qd4 Qf5+ 54. Rf3 Qc2+ 55. Qd2 Qb1 56. f7+ Bxf7 57. Qf4 Qf5 58. Qxf5 gxf5 59. Rxf5 1-0

[Event "EYCC Open-U18 2019"]
[Site "Bratislava"]
[Date "2019.08.06"]
[Round "5.7"]
[White "Gorshtein, Ido"]
[Black "Schoppen, Casper"]
[Result "1-0"]
[ECO "B30"]
[WhiteElo "2367"]
[BlackElo "2493"]
[Annotator "ChessBase"]
[PlyCount "119"]
[EventDate "2019.08.02"]
[EventType "swiss"]
[EventCountry "SVK"]
[SourceTitle "playchess.com"]
[Source "ChessBase"]
[SourceQuality "1"]
[TimeControl "40/5400+30:1800+30"]

1. e4 c5 2. Nf3 Nc6 3. Nc3 e5 4. Bc4 Be7 5. d3 d6 6. Nd5 Nf6 7. Bd2 Be6 8. Nxf6+ Bxf6 9. Bxe6 fxe6 10. c3 O-O 11. O-O Qd7 12. a3 Rf7 13. b4 b6 14. a4 Raf8 15. b5 Ne7 16. c4 Ng6 17. g3 Be7 18. Ne1 d5 19. Qe2 Rd8 20. Ra2 a6 21. Ng2 Ra8 22. Rb1 axb5 23. Rxb5 Bd8 24. Bc3 dxc4 25. dxc4 Qc6 26. Ne1 Rfa7 27. Qc2 Bc7 28. Nf3 Rf8 29. Qe2 Qa8 30. h4 Rxa4 31. Rxa4 Qxa4 32. h5 Ne7 33. Nxe5 Rd8 34. Rb1 Bxe5 35. Bxe5 Nc6 36. Ra1 Qb3 37. Bb2 h6 38. Kg2 Na5 39. Rc1 Rd7 40. Ba1 Qa3 41. Rb1 Qa4 42. Qg4 Qc6 43. Rd1 Kf8 44. Qf4+ Kg8 45. Rxd7 Qxd7 46. Qb8+ Kh7 47. Qxb6 Nxc4 48. Qxc5 Qd3 49. Qd4 Qxd4 50. Bxd4 g6 51. g4 e5 52. Bc3 g5 53. Kf3 Kg7 54. Ke2 Kf6 55. Kd3 Nb6 56. Bb4 Nd7 57. Kc4 Ke6 58. f3 Nf6 59. Bf8 Ng8 60. Bg7 {[%emt 0:00:36] Kd5+} 1-0

[Event "EYCC Open-U18 2019"]
[Site "Bratislava"]
[Date "2019.08.06"]
[Round "5.8"]
[White "Pechac, Jergus"]
[Black "Kozak, Antoni"]
[Result "1-0"]
[ECO "E43"]
[WhiteElo "2469"]
[BlackElo "2365"]
[Annotator "ChessBase"]
[PlyCount "79"]
[EventDate "2019.08.02"]
[EventType "swiss"]
[EventCountry "SVK"]
[SourceTitle "playchess.com"]
[Source "ChessBase"]
[SourceQuality "1"]
[TimeControl "40/5400+30:1800+30"]

1. d4 Nf6 2. c4 e6 3. Nc3 Bb4 4. e3 b6 5. Bd3 Bb7 6. Nf3 O-O 7. O-O d5 8. cxd5 exd5 9. Ne5 Bd6 10. Ne2 c5 11. b3 Nc6 12. Nxc6 Bxc6 13. Ng3 Re8 14. Bb2 g6 15. Qf3 Ne4 16. Rfd1 f5 17. Bxe4 fxe4 18. Qe2 Qd7 19. Qc2 c4 20. a4 b5 21. axb5 Bxb5 22. bxc4 Bxc4 23. Ba3 a5 24. Bc5 Bxc5 25. dxc5 Qc6 26. Ra4 Bd3 27. Qa2 Qxc5 28. Ra1 Bc4 29. Qd2 Reb8 30. Qc3 Rb3 31. Qe5 Qb5 32. Qe6+ Kg7 33. h4 h5 34. Qe5+ Kg8 35. Qe6+ Kg7 36. Qe7+ Kg8 37. Rxa5 Rxa5 38. Qd8+ Kh7 39. Rxa5 Qb7 40. Rc5 1-0

[Event "EYCC Open-U18 2019"]
[Site "Bratislava"]
[Date "2019.08.06"]
[Round "5.9"]
[White "Gatineau, Yovann"]
[Black "Petriashvili, Nikoloz"]
[Result "1/2-1/2"]
[ECO "D00"]
[WhiteElo "2364"]
[BlackElo "2451"]
[Annotator "ChessBase"]
[PlyCount "85"]
[EventDate "2019.08.02"]
[EventType "swiss"]
[EventCountry "SVK"]
[SourceTitle "playchess.com"]
[Source "ChessBase"]
[SourceQuality "1"]
[TimeControl "40/5400+30:1800+30"]

1. d4 d5 2. Bf4 Nf6 3. e3 Bf5 4. c4 e6 5. Nc3 c6 6. Qb3 Qc8 7. Rc1 Nbd7 8. cxd5 Nxd5 9. Bg3 Nxc3 10. bxc3 Be7 11. Nf3 c5 12. Be2 cxd4 13. exd4 Be4 14. O-O b6 15. c4 O-O 16. d5 Nc5 17. Qe3 Qb7 18. Rfd1 Rad8 19. d6 Bf6 20. Rd2 Bc6 21. Ne5 Bxe5 22. Bxe5 f6 23. Bb2 Bxg2 24. Ba3 Qc6 25. Rd4 Qb7 26. Rg4 Bc6 27. Bxc5 bxc5 28. Qxc5 Qb6 29. Qa3 f5 30. c5 Qb7 31. Rg3 f4 32. Rg5 h6 33. Rg4 e5 34. Qc3 Rde8 35. Qb3+ Qxb3 36. axb3 a5 37. Ra1 Ra8 38. f3 Bd5 39. Kf2 Bxb3 40. c6 Rf6 41. d7 Rxc6 42. Rxa5 Rd8 43. Rxe5 1/2-1/2

[Event "EYCC Open-U18 2019"]
[Site "Bratislava"]
[Date "2019.08.06"]
[Round "5.10"]
[White "Murzin, Volodar"]
[Black "Guerra Rivera, Salvador"]
[Result "1-0"]
[ECO "C11"]
[WhiteElo "2429"]
[BlackElo "2355"]
[Annotator "NA"]
[PlyCount "73"]
[EventDate "2019.08.02"]
[EventType "swiss"]
[EventCountry "SVK"]
[SourceTitle "playchess.com"]
[Source "ChessBase"]
[SourceQuality "1"]
[TimeControl "40/5400+30:1800+30"]

1. e4 e6 2. d4 d5 3. Nc3 Nf6 4. e5 Nfd7 5. f4 c5 6. Nf3 Nc6 7. Be3 Be7 8. Qd2 O-O 9. g3 Rb8 10. Be2 b6 11. O-O f5 12. Rad1 cxd4 13. Nxd4 Nxd4 14. Bxd4 Nc5 15. Qe3 Ba6 16. Bxa6 Nxa6 17. Rf2 Nc5 18. Rg2 Kh8 19. g4 g5 20. Kh1 gxf4 21. Qxf4 Bg5 22. Qf3 f4 23. Nb5 Ne4 24. Nd6 Bh4 25. g5 Nxg5 26. Qh5 Ne4 27. Rdg1 Bg3 28. hxg3 Nxg3+ 29. Kh2 Qe7 30. Qh6 Rbd8 31. Bf2 Rg8 32. Bxg3 Rg6 33. Qxf4 Rf8 34. Bh4 Qg7 35. Rxg6 Rxf4 36. Rxg7 Rxh4+ 37. Kg3 1-0

[Event "EYCC Open-U18 2019"]
[Site "Bratislava"]
[Date "2019.08.06"]
[Round "5.11"]
[White "Levitskiy, Andrey"]
[Black "Zarubitski, Viachaslau"]
[Result "0-1"]
[ECO "B04"]
[WhiteElo "2280"]
[BlackElo "2424"]
[Annotator "NA"]
[PlyCount "98"]
[EventDate "2019.08.02"]
[EventType "swiss"]
[EventCountry "SVK"]
[SourceTitle "playchess.com"]
[Source "ChessBase"]
[SourceQuality "1"]
[TimeControl "40/5400+30:1800+30"]

1. e4 Nf6 2. e5 Nd5 3. d4 d6 4. Nf3 dxe5 5. Nxe5 c6 6. Be2 Nd7 7. Nf3 g6 8. c4 Nc7 9. Nc3 Bg7 10. O-O O-O 11. Bf4 Ne6 12. Be3 Nf6 13. h3 Qc7 14. Qc1 b6 15. Rd1 Bb7 16. d5 Nc5 17. Bf4 Qc8 18. d6 Re8 19. dxe7 Nce4 20. Nxe4 Nxe4 21. Bh6 Rxe7 22. Bxg7 Kxg7 23. Bd3 c5 24. Re1 Qf5 25. Bxe4 Bxe4 26. Ng5 Rae8 27. Nxe4 Rxe4 28. Qc3+ Qf6 29. Rxe4 Rxe4 30. Qc2 Qf4 31. Rc1 Rd4 32. Qc3 f6 33. g3 Qf5 34. Kg2 Qe4+ 35. Kg1 Rd3 36. Re1 Rxc3 37. Rxe4 Rc1+ 38. Kg2 Kf7 39. b3 Rc2 40. a3 Rc3 41. Re3 Rxe3 42. fxe3 Ke6 43. Kf3 Ke5 44. e4 Kd4 45. Kf4 h5 46. Kf3 g5 47. h4 a6 48. b4 gxh4 49. gxh4 Kxc4 0-1

[Event "EYCC Open-U18 2019"]
[Site "Bratislava"]
[Date "2019.08.06"]
[Round "5.12"]
[White "Ciorgovean, Iustin"]
[Black "Bjerre, Jonas Buhl"]
[Result "0-1"]
[ECO "E32"]
[WhiteElo "2330"]
[BlackElo "2503"]
[Annotator "ChessBase"]
[PlyCount "82"]
[EventDate "2019.08.02"]
[EventType "swiss"]
[EventCountry "SVK"]
[SourceTitle "playchess.com"]
[Source "ChessBase"]
[SourceQuality "1"]
[TimeControl "40/5400+30:1800+30"]

1. d4 Nf6 2. c4 e6 3. Nc3 Bb4 4. Qc2 O-O 5. a3 Bxc3+ 6. Qxc3 d6 7. f3 b6 8. e4 c5 9. Be3 Ba6 10. Ne2 Nc6 11. d5 exd5 12. cxd5 Ne5 13. Ng3 Bxf1 14. Rxf1 b5 15. Kf2 a5 16. Kg1 b4 17. axb4 axb4 18. Qc2 Nfd7 19. Qe2 Qf6 20. Ra6 c4 21. Rfa1 Rxa6 22. Rxa6 Nd3 23. Nf5 Qxb2 24. Qxb2 Nxb2 25. Bd4 Nd3 26. Rxd6 N7e5 27. f4 Ng6 28. g3 c3 29. Rc6 Ra8 30. Kf1 Nf8 31. Ke2 Nc1+ 32. Ke3 Na2 33. Nxg7 b3 34. Nf5 Nd7 35. Kd3 b2 36. Kc2 Nb4+ 37. Kxc3 b1=Q 38. Kc4 Qd3+ 39. Kxb4 Qa3+ 40. Kc4 Ra4+ 41. Kb5 Qb4# 0-1

[Event "EYCC Open-U18 2019"]
[Site "Bratislava"]
[Date "2019.08.06"]
[Round "5.13"]
[White "Gumularz, Szymon"]
[Black "Martinez Fernandez, Adrian"]
[Result "1-0"]
[ECO "A30"]
[WhiteElo "2502"]
[BlackElo "2311"]
[Annotator "ChessBase"]
[PlyCount "45"]
[EventDate "2019.08.02"]
[EventType "swiss"]
[EventCountry "SVK"]
[SourceTitle "playchess.com"]
[Source "ChessBase"]
[SourceQuality "1"]
[TimeControl "40/5400+30:1800+30"]

1. c4 c5 2. Nf3 g6 3. d4 cxd4 4. Nxd4 Nf6 5. Nc3 Nc6 6. e4 d6 7. Be2 Nxd4 8. Qxd4 Bg7 9. Be3 O-O 10. Qd2 a5 11. O-O a4 12. Rad1 Qa5 13. Bd4 Be6 14. f4 Qb4 15. a3 Qa5 16. f5 Bd7 17. c5 Bc6 18. cxd6 exd6 19. Qf4 Rad8 20. Qh4 Ne8 21. f6 Bh8 22. Rd3 Bxf6 23. Rxf6 1-0

[Event "EYCC Open-U18 2019"]
[Site "Bratislava"]
[Date "2019.08.06"]
[Round "5.14"]
[White "Galiana Fernandez, Adrian"]
[Black "Blohberger, Felix"]
[Result "1/2-1/2"]
[ECO "E35"]
[WhiteElo "2302"]
[BlackElo "2476"]
[Annotator "ChessBase"]
[PlyCount "112"]
[EventDate "2019.08.02"]
[EventType "swiss"]
[EventCountry "SVK"]
[SourceTitle "playchess.com"]
[Source "ChessBase"]
[SourceQuality "1"]
[TimeControl "40/5400+30:1800+30"]

1. d4 Nf6 2. c4 e6 3. Nc3 Bb4 4. Qc2 d5 5. cxd5 exd5 6. Bg5 h6 7. Bh4 O-O 8. e3 Be6 9. a3 Bxc3+ 10. Qxc3 Bf5 11. Nf3 c6 12. Nd2 Nbd7 13. Be2 Ne4 14. Nxe4 Qxh4 15. Nd6 Qg5 16. O-O Rab8 17. Nxf5 Qxf5 18. Bd3 Qe6 19. b4 Rbc8 20. Rae1 f5 21. e4 fxe4 22. Rxe4 Qd6 23. Re2 Rce8 24. Rfe1 Nf6 25. g3 Rxe2 26. Rxe2 Re8 27. Re5 Kf8 28. Bg6 Rxe5 29. dxe5 d4 30. exd6 dxc3 31. Kf1 Ng4 32. Ke2 Ne5 33. Bf5 Nc4 34. a4 Nxd6 35. Bc2 Ke7 36. Kd3 b6 37. Kxc3 c5 38. bxc5 bxc5 39. f4 Ke6 40. g4 Kd5 41. g5 hxg5 42. fxg5 Ke5 43. g6 Kf4 44. Kd3 Kf5 45. Ke3+ Ke5 46. Kd3 Kf4 47. a5 Kf5 48. Ke3+ Ke5 49. a6 c4 50. h4 Ne8 51. Be4 Nd6 52. Bc2 Ne8 53. Be4 Nf6 54. Bf3 Ng8 55. Bg2 Nf6 56. Bf3 Ne8 {[%emt 0:01:15] Ke4+} 1/2-1/2

[Event "EYCC Open-U18 2019"]
[Site "Bratislava"]
[Date "2019.08.06"]
[Round "5.15"]
[White "Erenberg, Ariel"]
[Black "Oboladze, Luka"]
[Result "1-0"]
[ECO "A05"]
[WhiteElo "2442"]
[BlackElo "2323"]
[Annotator "NA"]
[PlyCount "77"]
[EventDate "2019.08.02"]
[EventType "swiss"]
[EventCountry "SVK"]
[SourceTitle "playchess.com"]
[Source "ChessBase"]
[SourceQuality "1"]
[TimeControl "40/5400+30:1800+30"]

1. Nf3 Nf6 2. c4 e6 3. g3 b6 4. Bg2 Bb7 5. O-O g6 6. Re1 Bg7 7. Nc3 Ne4 8. Nxe4 Bxe4 9. d3 Bb7 10. e4 O-O 11. d4 d6 12. Bg5 f6 13. Bd2 e5 14. c5 dxc5 15. dxc5 Nc6 16. b4 bxc5 17. bxc5 Rb8 18. Qa4 Qe7 19. Rab1 Ba8 20. Be3 Rfd8 21. Rxb8 Rxb8 22. Bf1 Rb4 23. Bc4+ Kh8 24. Qc2 Na5 25. Bd5 Bxd5 26. exd5 e4 27. Nd4 f5 28. Ne6 Nc4 29. Rb1 Nxe3 30. fxe3 a5 31. Rxb4 axb4 32. Qa4 h5 33. Qxb4 Be5 34. Qb8+ Kh7 35. Qd8 Qxd8 36. Nxd8 Kg7 37. Nc6 Kf6 38. a4 Bb2 39. a5 1-0

[Event "EYCC Open-U18 2019"]
[Site "Bratislava"]
[Date "2019.08.06"]
[Round "5.16"]
[White "Boev, Viktor"]
[Black "Gaifullin, Artur"]
[Result "0-1"]
[ECO "B10"]
[WhiteElo "2246"]
[BlackElo "2453"]
[Annotator "ChessBase"]
[PlyCount "62"]
[EventDate "2019.08.02"]
[EventType "swiss"]
[EventCountry "SVK"]
[SourceTitle "playchess.com"]
[Source "ChessBase"]
[SourceQuality "1"]
[TimeControl "40/5400+30:1800+30"]

1. e4 c6 2. c4 d5 3. exd5 cxd5 4. cxd5 Nf6 5. Bb5+ Nbd7 6. Nf3 a6 7. Ba4 b5 8. Bb3 Nc5 9. Bc2 Bb7 10. O-O Nxd5 11. d4 Nd7 12. a4 b4 13. Nbd2 g6 14. Nb3 Bg7 15. Nfd2 O-O 16. Nc4 Rc8 17. Nca5 Ba8 18. Bd3 Qb6 19. Qe2 Rxc1 20. Rfxc1 Nf4 21. Qxe7 Bxd4 22. Nxd4 Qxd4 23. Bf1 Ne5 24. Qc5 Nh3+ 25. Kh1 Nxf2+ 26. Kg1 Nh3+ 27. Kh1 Qf4 28. Rc4 Nxc4 29. Nxc4 Re8 30. Qxb4 Qf2 31. Qb6 Bxg2+ 0-1

[Event "EYCC Open-U18 2019"]
[Site "Bratislava"]
[Date "2019.08.06"]
[Round "5.17"]
[White "Mitsis, Georgios"]
[Black "Stevanic, David"]
[Result "0-1"]
[ECO "E81"]
[WhiteElo "2399"]
[BlackElo "2306"]
[Annotator "NA"]
[PlyCount "120"]
[EventDate "2019.08.02"]
[EventType "swiss"]
[EventCountry "SVK"]
[SourceTitle "playchess.com"]
[Source "ChessBase"]
[SourceQuality "1"]
[TimeControl "40/5400+30:1800+30"]

1. d4 Nf6 2. c4 g6 3. Nc3 Bg7 4. e4 d6 5. f3 O-O 6. Be3 c5 7. Nge2 Nc6 8. d5 Ne5 9. Ng3 h5 10. Be2 h4 11. Nf1 e6 12. Bg5 h3 13. gxh3 exd5 14. Nxd5 Nc6 15. Qd2 Nd4 16. h4 Ne6 17. Nfe3 Nxg5 18. hxg5 Nxd5 19. Nxd5 Be6 20. Nc3 a6 21. h4 b5 22. cxb5 axb5 23. Bxb5 Qa5 24. Be2 Rfb8 25. Rc1 Bxc3 26. bxc3 Qxa2 27. Qe3 Rb2 28. Rf1 d5 29. exd5 Bxd5 30. Rd1 Bc4 31. Rf2 Bxe2 32. Rxe2 Rxe2+ 33. Qxe2 Qa4 34. Kf1 Re8 35. Qd2 Qxh4 36. Kg2 Re5 37. Qd8+ Kh7 38. Rd2 Rxg5+ 39. Kf1 Qh1+ 40. Ke2 Rg2+ 41. Kd3 Rxd2+ 42. Kxd2 Qxf3 43. Qe7 Qd5+ 44. Kc1 Kg7 45. Qe2 Kf6 46. Qf2+ Qf5 47. Qh2 Kg7 48. Kb2 g5 49. Qh5 Qf4 50. Kb3 Qe5 51. Kc4 f6 52. Qd1 Kg6 53. Qb1+ f5 54. Qb6+ Kh5 55. Qa7 Qe6+ 56. Kb5 Qb3+ 57. Kxc5 Qxc3+ 58. Kd5 Qe1 59. Qa3 Kg4 60. Qa4+ Qe4+ {[%emt 0:00:31] Ke5} 0-1

[Event "EYCC Open-U18 2019"]
[Site "Bratislava"]
[Date "2019.08.06"]
[Round "5.18"]
[White "Chylewski, Patryk"]
[Black "Godzwon, Iwo"]
[Result "0-1"]
[ECO "E11"]
[WhiteElo "2376"]
[BlackElo "2285"]
[Annotator "NA"]
[PlyCount "82"]
[EventDate "2019.08.02"]
[EventType "swiss"]
[EventCountry "SVK"]
[SourceTitle "playchess.com"]
[Source "ChessBase"]
[SourceQuality "1"]
[TimeControl "40/5400+30:1800+30"]

1. d4 Nf6 2. c4 e6 3. Nf3 Bb4+ 4. Nbd2 O-O 5. a3 Be7 6. e4 d6 7. b3 e5 8. Bb2 exd4 9. Nxd4 Re8 10. Be2 Bd7 11. O-O Nc6 12. Qc2 Nxd4 13. Bxd4 Bc6 14. f4 Nd7 15. Rae1 Bf6 16. Bf2 a5 17. Bf3 Nf8 18. Bg4 Ne6 19. g3 Bd7 20. Bxe6 Rxe6 21. Re2 Bc6 22. Rfe1 Qd7 23. Qd3 Rae8 24. a4 b6 25. Nf3 Qe7 26. Nd2 g6 27. Re3 Bb2 28. R3e2 f5 29. Qc2 Bf6 30. c5 bxc5 31. e5 dxe5 32. fxe5 Qd7 33. Qxc5 Be7 34. Qd4 Bb4 35. Qxd7 Bxd7 36. Bd4 Rd8 37. Bb2 Bc8 38. Bc1 Ba6 39. Rg2 Bc5+ 40. Kh1 Bb7 41. Nc4 Rd3 0-1

[Event "EYCC Open-U18 2019"]
[Site "Bratislava"]
[Date "2019.08.06"]
[Round "5.19"]
[White "Parkhov, Yair"]
[Black "Kotau, Arseni"]
[Result "1/2-1/2"]
[ECO "E73"]
[WhiteElo "2354"]
[BlackElo "2227"]
[Annotator "NA"]
[PlyCount "45"]
[EventDate "2019.08.02"]
[EventType "swiss"]
[EventCountry "SVK"]
[SourceTitle "playchess.com"]
[Source "ChessBase"]
[SourceQuality "1"]
[TimeControl "40/5400+30:1800+30"]

1. d4 Nf6 2. c4 g6 3. Nc3 Bg7 4. e4 d6 5. Be2 O-O 6. Be3 c5 7. d5 e6 8. Nf3 exd5 9. cxd5 b5 10. e5 Ng4 11. Bg5 Qb6 12. exd6 b4 13. Ne4 Nd7 14. Nfd2 Ngf6 15. Nc4 Qb8 16. Bxf6 Bxf6 17. O-O Re8 18. Qc2 Ba6 19. Bg4 Rxe4 20. Qxe4 Nb6 21. Be2 Bxc4 22. Bxc4 Bxb2 23. Rad1 1/2-1/2

[Event "EYCC Open-U18 2019"]
[Site "Bratislava"]
[Date "2019.08.06"]
[Round "5.20"]
[White "Maksimovic, Bojan"]
[Black "Santryan, Davit"]
[Result "1-0"]
[ECO "C95"]
[WhiteElo "2326"]
[BlackElo "2167"]
[Annotator "NA"]
[PlyCount "95"]
[EventDate "2019.08.02"]
[EventType "swiss"]
[EventCountry "SVK"]
[SourceTitle "playchess.com"]
[Source "ChessBase"]
[SourceQuality "1"]
[TimeControl "40/5400+30:1800+30"]

1. e4 e5 2. Nf3 Nc6 3. Bb5 a6 4. Ba4 Nf6 5. O-O Be7 6. Re1 b5 7. Bb3 d6 8. c3 O-O 9. h3 Nb8 10. d4 Nbd7 11. Nbd2 Bb7 12. Bc2 Re8 13. Nf1 Bf8 14. Ng3 g6 15. a4 c5 16. d5 c4 17. Bg5 h6 18. Be3 Nc5 19. Qd2 h5 20. Ng5 Bg7 21. Rf1 Rf8 22. Kh1 Rb8 23. Ne2 Qc7 24. f4 exf4 25. Rxf4 Qe7 26. Raf1 Ncd7 27. Nd4 Rbe8 28. R4f3 Ne5 29. R3f2 Nd3 30. Bxd3 cxd3 31. Bf4 Nxe4 32. Nxe4 Qxe4 33. Bxd6 Bxd5 34. Bxf8 Bxf8 35. axb5 axb5 36. Rd1 Bd6 37. Nf3 Qe3 38. Re1 Bf4 39. Rxe3 Rxe3 40. Qd1 Bg3 41. Rf1 Be4 42. Ng1 Bh4 43. Rf4 Bg5 44. Rxe4 Rxe4 45. Nf3 d2 46. Nxd2 Re6 47. Nf3 Bf4 48. Qd8+ 1-0

[Event "EYCC Open-U18 2019"]
[Site "Bratislava"]
[Date "2019.08.06"]
[Round "5.21"]
[White "Garayev, Kanan"]
[Black "Anghelus, Alin-Gabriel"]
[Result "0-1"]
[ECO "D02"]
[WhiteElo "2351"]
[BlackElo "2107"]
[Annotator "NA"]
[PlyCount "112"]
[EventDate "2019.08.02"]
[EventType "swiss"]
[EventCountry "SVK"]
[SourceTitle "playchess.com"]
[Source "ChessBase"]
[SourceQuality "1"]
[TimeControl "40/5400+30:1800+30"]

1. d4 d5 2. Nf3 e6 3. c4 a6 4. cxd5 exd5 5. Nc3 c6 6. e4 dxe4 7. Ng5 h6 8. Ngxe4 Nf6 9. Bd3 Be6 10. O-O Nbd7 11. Bf4 Be7 12. Nd6+ Bxd6 13. Bxd6 Nb6 14. Bc5 Qc7 15. a4 Nbd5 16. a5 Ng4 17. g3 Nf4 18. Qf3 Nxd3 19. Qxd3 Nf6 20. f4 g6 21. d5 Nxd5 22. Nxd5 cxd5 23. Rfc1 Rc8 24. Qd4 Rg8 25. Rc3 Kd7 26. Re1 Qxa5 27. b4 Qd8 28. Bb6 Qe7 29. Rce3 Rc6 30. Bc5 Qd8 31. Re5 Kc7 32. Rc1 Qd7 33. Ree1 b5 34. Ra1 Kb7 35. Ra3 h5 36. Re2 Re8 37. Rae3 Rec8 38. Ra2 Qc7 39. Rea3 Rxc5 40. bxc5 Qxc5 41. Qxc5 Rxc5 42. Rxa6 d4 43. Ra1 Rc3 44. Rd6 d3 45. Kf2 Kc7 46. Rd4 Kc6 47. Ke3 Bc4 48. Rd8 Rc2 49. Rd1 Rxh2 50. Kd4 Kc7 51. Ra8 Kd6 52. Ra6+ Ke7 53. Rb6 Rg2 54. Ke5 Re2+ 55. Kd4 Kf8 56. Rg1 d2 0-1

[Event "EYCC Open-U18 2019"]
[Site "Bratislava"]
[Date "2019.08.06"]
[Round "5.22"]
[White "Zabolotnov, Evgeny"]
[Black "Miesbauer, Jan"]
[Result "1/2-1/2"]
[ECO "D37"]
[WhiteElo "2284"]
[BlackElo "2409"]
[Annotator "NA"]
[PlyCount "46"]
[EventDate "2019.08.02"]
[EventType "swiss"]
[EventCountry "SVK"]
[SourceTitle "playchess.com"]
[Source "ChessBase"]
[SourceQuality "1"]
[TimeControl "40/5400+30:1800+30"]

1. Nf3 Nf6 2. c4 e6 3. d4 d5 4. Nc3 a6 5. cxd5 exd5 6. Bg5 Be6 7. e3 Nbd7 8. Bd3 Bd6 9. O-O O-O 10. Qc2 h6 11. Bf4 Qe7 12. Rac1 Rfe8 13. Bxd6 Qxd6 14. Na4 c6 15. Nc5 Nxc5 16. Qxc5 Qxc5 17. Rxc5 Ne4 18. Bxe4 dxe4 19. Nd2 Bd5 20. Nc4 Rab8 21. Nd2 f5 22. b3 Re6 23. Rc2 Rf8 1/2-1/2

[Event "EYCC Open-U18 2019"]
[Site "Bratislava"]
[Date "2019.08.06"]
[Round "5.23"]
[White "Leisch, Lukas"]
[Black "Veleshnja, Zino"]
[Result "1/2-1/2"]
[ECO "E92"]
[WhiteElo "2327"]
[BlackElo "2131"]
[Annotator "NA"]
[PlyCount "103"]
[EventDate "2019.08.02"]
[EventType "swiss"]
[EventCountry "SVK"]
[SourceTitle "playchess.com"]
[Source "ChessBase"]
[SourceQuality "1"]
[TimeControl "40/5400+30:1800+30"]

1. c4 Nf6 2. Nc3 g6 3. e4 d6 4. d4 Bg7 5. Nf3 O-O 6. Be2 e5 7. d5 a5 8. Bg5 Na6 9. Nd2 Qe8 10. O-O h6 11. Be3 Bd7 12. b3 Nh7 13. a3 f5 14. f3 f4 15. Bf2 g5 16. b4 Nf6 17. c5 Qg6 18. c6 bxc6 19. dxc6 Be6 20. b5 Nb8 21. Bc4 Bxc4 22. Nxc4 g4 23. Bh4 g3 24. h3 Ne8 25. Qd5+ Kh7 26. Rfd1 Rf7 27. Rac1 Bf8 28. b6 cxb6 29. Nb5 Na6 30. Nbxd6 Nxd6 31. Nxd6 Bxd6 32. Qxd6 Qxd6 33. Rxd6 b5 34. Rd5 Nc7 35. Rxe5 b4 36. a4 Ra6 37. Kf1 b3 38. Ke2 b2 39. Rb1 Rxc6 40. Rxb2 Ne6 41. Rxa5 Kg6 42. Rd5 Rfc7 43. a5 Rc1 44. Rb6 R7c2+ 45. Rd2 Kf7 46. Rb7+ Kg6 47. Rbd7 Rc3 48. Rd1 R1c2+ 49. R7d2 Nd4+ 50. Ke1 Rxd2 51. Rxd2 Nc2+ 52. Ke2 1/2-1/2